Workbook
Name \0: #REF!
Name \0: #REF!
Name \00: #REF!
Name \00: #REF!
Name \a: #REF!
Name \a: #REF!
Name \AA: #REF!
Name \AA: [1]LIQUIDACION!#REF!
Name \b: #REF!
Name \b: [2]STRSUMM0!#REF!
Name \bb: #REF!
Name \bb: [2]STRSUMM0!#REF!
Name \E: #REF!
Name \EE: #REF!
Name \G: #REF!
Name \k: #REF!
Name \k: '[3]7422CW00'!#REF!
Name \l: #REF!
Name \l: [4]STRSUMM0!#REF!
Name \M: #REF!
Name \ñ: #REF!
Name \ñ: '[5]7422CW00'!#REF!
Name \P: #REF!
Name \R: #REF!
Name \s: #REF!
Name \V: #REF!
Name \X: 'Analisis AIU_Vabr'!ERR
Name \X: 'APU AGRO'!ERR
Name \X: [0]!ERR
Name \Z: 'Analisis AIU_Vabr'!ERR
Name \Z: 'APU AGRO'!ERR
Name \Z: [0]!ERR
Name _________AFC1: #REF!
Name _________AFC1: [6]INV!$A$25:$D$28
Name _________AFC3: #REF!
Name _________AFC3: [6]INV!$F$25:$I$28
Name _________AFC5: #REF!
Name _________AFC5: [6]INV!$K$25:$N$28
Name _________BGC1: #REF!
Name _________BGC1: [6]INV!$A$5:$D$8
Name _________BGC3: #REF!
Name _________BGC3: [6]INV!$F$5:$I$8
Name _________BGC5: #REF!
Name _________BGC5: [6]INV!$K$5:$N$8
Name _________CAC1: #REF!
Name _________CAC1: [6]INV!$A$19:$D$22
Name _________CAC3: #REF!
Name _________CAC3: [6]INV!$F$19:$I$22
Name _________CAC5: #REF!
Name _________CAC5: [6]INV!$K$19:$N$22
Name _________PJ50: #REF!
Name _________SBC1: #REF!
Name _________SBC1: [6]INV!$A$12:$D$15
Name _________SBC3: #REF!
Name _________SBC3: [6]INV!$F$12:$I$15
Name _________SBC5: #REF!
Name _________SBC5: [6]INV!$K$12:$N$15
Name ________AFC1: #REF!
Name ________AFC1: [6]INV!$A$25:$D$28
Name ________AFC3: #REF!

Sheet PRESUPUESTO AGROTURISTICO
C3: Formulario 1 - Propuesta económica - Licitación de obra pública de infraestructura social
C4: Código | D4: CCE-EICP-FM-116 | E4: Versión | F4: 1
C7: PRESUPUESTO OFICIAL
C8: [La Entidad puede utilizar este Formulario de detalle del Presupuesto Oficial para determinar las condiciones bajo las cuales los Proponentes analizarán y presentarán su propuesta económica de forma detallada, sin perjuicio que la Entidad pueda modificarlo o establecer la presentación de la oferta económica con un Formulario distinto al indicado.]
C10: Adicionalmente, cuando el Proceso de Contratación es estructurado por Precios Unitarios, la Entidad debe aplicar las notas 1 y 2 del presente Formulario y las casillas de "Descripción", "Porcentaje" de la Administración, Utilidad y total A.U. resaltadas en color amarillo. Tratándose de otras modalidades de precio, la Entidad puede o no configurar los mismos aspectos.
C11: MANTENIMIENTO Y OBRAS VARIAS DE LAS PLANTAS FÍSICAS DE LAS INSTITUCIONES EDUCATIVAS DEL CORREGIMIENTO CORREDOR AGROTURISTICO EL TABLAZO DEL MUNICIPIO DE MANIZALES.
C12: PRESUPUESTO OBRA CIVIL "MEJORAMIENTO DE LA PLANTA FÍSICA DEL ESTABLECIMIENTO EDUCATIVO OFICIAL SERÁFICO SAN ANTONIO DE PADUA SEDE PRINCIPAL"
C13: Nº | D13: ÍTEM DE PAGO | E13: ESPECIFICACIONES | G13: DESCRIPCIÓN | H13: UND. | I13: CANTIDAD | J13: VALOR UNITARIO | K13: VALOR TOTAL
G14: 002 MOVIMIENTO DE TIERRAS
D15: 002A.021 | G15: SUMINISTRO, TRANSPORTE E INSTALACION SOBRE CIMIENTO h=0,20 m REVOQUE IMPERMEABILIZADO 2 CARAS | H15: M2 | I15: 20 | J15: =+VLOOKUP(D15,'APU AGRO'!$1:$1048576,11,FALSE) -> 115082 | K15: =+ROUND(I15*J15,0) -> 2301640
D16: 002.089 | G16: RETIRO DE MATERIAL SOBRANTE EN VOLQUETA, CARGUE MANUAL, DISPOSICIÓN EN BOTADERO (HASTA 25 KM) | H16: M3-Suelto | I16: 21 | J16: =+VLOOKUP(D16,'APU AGRO'!$1:$1048576,11,FALSE) -> 58038 | K16: =+ROUND(I16*J16,0) -> 1218798
C17: Subtotal | K17: =ROUND(SUM(K15:K16),0) -> 3520438
G18: 003 DESAGUES E INSTALACIONES SANITARIAS
D19: 003.011 | G19: SUMINISTRO, TRANSPORTE E INSTALACION BAJANTE AGUAS LLUVIAS PVC 4" (INCLUYE CODO, UNION Y ACCESORIOS DE FIJACION) | H19: ML | I19: 70 | J19: =+VLOOKUP(D19,'APU AGRO'!$1:$1048576,11,FALSE) -> 55352 | K19: =+ROUND(I19*J19,0) -> 3874640
D20: 003.105 | G20: SUMINISTRO, TRANSPORTE E INSTALACION SANITARIO TIPO INSTITUCIONAL BAJO CONSUMO POR DESCARGA, COLOR BLANCO CORONA REF 340021001 O SIMILAR, INCLUYE MUEBLE Y ACCESORIOS GENERALES DE INSTALACIÓN. | H20: UND | I20: 8 | J20: =+VLOOKUP(D20,'APU AGRO'!$1:$1048576,11,FALSE) -> 761503 | K20: =+ROUND(I20*J20,0) -> 6092024
C21: Subtotal | K21: =ROUND(SUM(K19:K20),0) -> 9966664
G22: 004 PISOS-BASES-RELLENOS
G25: 005 ESTRUCTURAS EN CONCRETO, METALICAS Y DE MADERA
D26: 005.048 | G26: SUMINISTRO, TRANSPORTE E INSTALACION MESON EN CONCRETO 3000 psi a=0.60 m e=0.08 m. | H26: ML | I26: 6 | J26: =+VLOOKUP(D26,'APU AGRO'!$1:$1048576,11,FALSE) -> 226605 | K26: =+ROUND(I26*J26,0) -> 1359630
C27: Subtotal | K27: =ROUND(SUM(K26:K26),0) -> 1359630
G28: 008 INSTALACIONES ELECTRICAS
D29: 08B.309 | G29: SUMINISTRO, TRANSPORTE E INSTALACIÓN LAMPARA LED 2 X (18W - 25W) 6500 K Ó SIMILAR (INCLUYE ACCESORIOS DE FIJACIÓN E INSTALACIÓN) | H29: UND | I29: 65 | J29: =+VLOOKUP(D29,'APU AGRO'!$1:$1048576,11,FALSE) -> 241544 | K29: =+ROUND(I29*J29,0) -> 15700360
D30: 08B.447 | G30: SUMINISTRO, TRANSPORTE E INSTALACION SALIDA ILUMINACION EN TUBERIA CONDUIT PVC SCH40 1/2", CABLE N° 12 AWG | H30: UND | I30: 10 | J30: =+VLOOKUP(D30,'APU AGRO'!$1:$1048576,11,FALSE) -> 238700 | K30: =+ROUND(I30*J30,0) -> 2387000
D31: 08B.175 | G31: SUMINISTRO, TRANSPORTE E INSTALACION SALIDA TOMACORRIENTE NORMAL DOBLE PT EN TUBERIA CONDUIT PVC 3/4", ALAMBRE No 12 AWG | H31: UND | I31: 10 | J31: =+VLOOKUP(D31,'APU AGRO'!$1:$1048576,11,FALSE) -> 176922 | K31: =+ROUND(I31*J31,0) -> 1769220
D32: 08B.196 | G32: SUMINISTRO, TRANSPORTE E INSTALACION SALIDA INTERRUPTOR SENCILLO EN TUBERIA CONDUIT PVC 3/4", ALAMBRE No 12 AWG. | H32: UND | I32: 10 | J32: =+VLOOKUP(D32,'APU AGRO'!$1:$1048576,11,FALSE) -> 232287 | K32: =+ROUND(I32*J32,0) -> 2322870
D33: 08B.303 | G33: SUMINISTRO, TRANSPORTE E INSTALACION DE LUMINARIA DE SOBREPONER TIPO BALA PANEL LED REDONDO, 24W BLANCO OPAL. INCLUYE DRIVER SC | H33: UND | I33: 20 | J33: =+VLOOKUP(D33,'APU AGRO'!$1:$1048576,11,FALSE) -> 96762 | K33: =+ROUND(I33*J33,0) -> 1935240
C34: Subtotal | K34: =ROUND(SUM(K29:K33),0) -> 24114690
G35: 009 REVOQUES-RESANES
D36: 009.005 | G36: SUMINISTRO,TRANSPORTE E INSTALACION REVOQUE LISO MUROS 1:3 IMPERMEABILIZADO (INCLUYE FILOS Y DILATACIONES) PARA ALTURAS MENORES A 3 METROS | H36: M2 | I36: 20 | J36: =+VLOOKUP(D36,'APU AGRO'!$1:$1048576,11,FALSE) -> 53852 | K36: =+ROUND(I36*J36,0) -> 1077040
C37: Subtotal | K37: =ROUND(SUM(K36:K36),0) -> 1077040
G38: 010 CUBIERTAS
D39: 010.019 | G39: SUMINISTRO, TRANSPORTE E INSTALACION CANAL EN LAMINA GALVANIZADA CAL .20 D/ 0.60 M. (SUMINISTRO E INSTALACIÓN CON WASH PRIMER + ESMALTE + ANCLAJE A MURO + SILICONA) | H39: ML | I39: 113 | J39: =+VLOOKUP(D39,'APU AGRO'!$1:$1048576,11,FALSE) -> 121625 | K39: =+ROUND(I39*J39,0) -> 13743625
C40: Subtotal | K40: =ROUND(SUM(K39:K39),0) -> 13743625
G41: 011 CIELO RASOS
D42: 011.001 | G42: SUMINISTRO, TRANSPORTE E INSTALACIÓN A TODO COSTO DE CIELO RASO EN SUPERBOARD 6 MM JUNTA PERDIDA, UNA MANO DE VINILO Y DOS MANOS DE ACRILTEX. INCLUYE PERFILERÍA, ANCLAJES, DILATACION Z EN PERIMETRO, Y TODO LO NECESARIO PARA SU CORRECTA INSTALACIÓN. | H42: M2 | I42: 300 | J42: =+VLOOKUP(D42,'APU AGRO'!$1:$1048576,11,FALSE) -> 114571 | K42: =+ROUND(I42*J42,0) -> 34371300
C43: Subtotal | K43: =ROUND(SUM(K42),0) -> 34371300
G44: 012 PISOS - ACABADOS
D45: 012.010 | G45: SUMINISTRO, TRANSPORTE E INSTALACION BALDOSA GRANO DE MARMOL PCL 5 PERLATO CLARO TERRAZO TIPO ALFA O SIMILAR. (INCLUYE DESTRONCADA, PULIDA, BRILLADA, MORTERO DE NIVELACIÓN Y DILATACIÓN EN PVC). | H45: M2 | I45: 345 | J45: =+VLOOKUP(D45,'APU AGRO'!$1:$1048576,11,FALSE) -> 225580 | K45: =+ROUND(I45*J45,0) -> 77825100
D46: 012.034 | G46: SUMINISTRO, TRANSPORTE E INSTALACION GUARDAESCOBA RECTO Baldosa Grano de Marmol PCL 5 Perlato Claro 30 x 7.2 cm. Tipo Alfa o Similar. Fondo Crema. (Incluye boquilla.) | H46: ML | I46: 100 | J46: =+VLOOKUP(D46,'APU AGRO'!$1:$1048576,11,FALSE) -> 50103 | K46: =+ROUND(I46*J46,0) -> 5010300
D47: 012.069 | G47: SUMINISTRO TRANSPORTE E INSTALACION DE BOCAPUERTA EN TERRAZO (INCLUYE PULIDA Y BRILLADA). INCLUYE MORTERO DE PEGA Y/O NIVELACIÓN | H47: ML | I47: 20 | J47: =+VLOOKUP(D47,'APU AGRO'!$1:$1048576,11,FALSE) -> 91165 | K47: =+ROUND(I47*J47,0) -> 1823300
C48: Subtotal | K48: =ROUND(SUM(K45:K47),0) -> 84658700
G49: 013 ENCHAPES Y ACCESORIOS
D50: 013.001 | G50: SUMINISTRO, TRANSPORTE E INSTALACION CERAMICA PARED POMPEI TIPO ALFA O SIMILAR. COLOR CORAL O SHELL SEGÚN DISEÑO (INCLUYE BOQUILLA COLOR Y WIN.) | H50: M2 | I50: 19 | J50: =+VLOOKUP(D50,'APU AGRO'!$1:$1048576,11,FALSE) -> 114282 | K50: =+ROUND(I50*J50,0) -> 2171358
C51: Subtotal | K51: =ROUND(SUM(K50:K50),0) -> 2171358
G52: 015 APARATOS SANITARIOS
D53: 015.012 | G53: SUMINISTRO, TRANSPORTE E INSTALACION LAVAMANOS SOBREPONER LINEA STILO COLOR BLANCO TIPO CORONA REF. 072591001 O SIMILAR (INCLUYE CONJUNTO GRIFERIA DESAGÜE AUTOMATICO, SIFÓN BOTELLA, ACOPLE). | H53: UND | I53: 8 | J53: =+VLOOKUP(D53,'APU AGRO'!$1:$1048576,11,FALSE) -> 795309 | K53: =+ROUND(I53*J53,0) -> 6362472
C54: Subtotal | K54: =ROUND(SUM(K53:K53),0) -> 6362472
G55: 016 CARPINTERIA MADERA
D56: 016.001 | G56: SUMINISTRO, TRANSPORTE E INSTALACION PUERTA ENTAMBORADA EN LAMINA TRIPLEX OKUME - TIPO PIZANO OKUMÉ O SIMILAR. ANCHO: 0,51 A 0,75 M. ALTO: 1,80 A 2,40 M. HOJA LISA CON MARQUETE CAPACANTO OKUMÉ. ACABADO: TINTILLA, SELLADOR (MÍNIMO 6 MANOS) Y LACA SEGÚN DISEÑO. (INCLUYE BISAGRAS). | H56: UND | I56: 8 | J56: =+VLOOKUP(D56,'APU AGRO'!$1:$1048576,11,FALSE) -> 1053370 | K56: =+ROUND(I56*J56,0) -> 8426960
C57: Subtotal | K57: =ROUND(SUM(K56:K56),0) -> 8426960
G58: 017 CARPINTERIA METALICA
D59: 017.001 | G59: SUMINISTRO, TRANSPORTE E INSTALACION MARCO METALICO PUERTAS E= 8.5 CM SENCILLO EN LÁMINA GALVANIZADA CAL. 20 PARA HOJA DE PUERTA CON ANCHO 0.51 A 0.75 M. Y ALTURA 1.80 A 2.10 M. ACABADO CON ANTICORROSIVO Y ESMALTE. INCLUYE EL SUMINISTRO DE TODOS LOS ACCESORIOS REQUERIDOS PARA EL CORRECTO MONTAJE | H59: UND | I59: 1 | J59: =+VLOOKUP(D59,'APU AGRO'!$1:$1048576,11,FALSE) -> 340534 | K59: =+ROUND(I59*J59,0) -> 340534
D60: 017.121 | G60: DESMONTE Y REINSTALACION DE PUERTA METALICA | H60: UND | I60: 1 | J60: =+VLOOKUP(D60,'APU AGRO'!$1:$1048576,11,FALSE) -> 111804 | K60: =+ROUND(I60*J60,0) -> 111804
D61: 017.091 | G61: ARREGLO DE PORTERIAS MICROFUTBOL CON EXTENSIÓN Y TABLERO BALONCESTO (INCLUYE SOLDADURA, GRAFIL 5,5, PINTURA, ANTICORROSIVO, MALLA ESLABONADA CA 10) | H61: UND | I61: 2 | J61: =+VLOOKUP(D61,'APU AGRO'!$1:$1048576,11,FALSE) -> 1713908 | K61: =+ROUND(I61*J61,0) -> 3427816
C62: Subtotal | K62: =ROUND(SUM(K59:K61),0) -> 3880154
G63: 019 PINTURA
D64: 019.007 | G64: SUMINISTRO, TRANSPORTE E INSTALACION ESTUCO Y VINILO 3 MANOS BAJO PLACA INTERIOR (INCLUYE ESTUCO, 1 MANO EN PINTURA TIPO 2 Y DOS MANOS EN PINTURA TIPO 1, FILOS Y DILATACIONES). COLOR SEGÚN DISEÑO. | H64: M2 | I64: 170 | J64: =+VLOOKUP(D64,'APU AGRO'!$1:$1048576,11,FALSE) -> 39958 | K64: =+ROUND(I64*J64,0) -> 6792860
D65: 019.014 | G65: SUMINISTRO, TRANSPORTE E INSTALACION ESTUCO Y PINTURA TIPO KORAZA O SIMILAR 3 MANOS FACHADAS (INCLUYE ESTUCO, 1 MANO EN PINTURA TIPO 2 Y DOS MANOS EN PINTURA TIPO KORAZA O SIMILAR, FILOS Y DILATACIONES). COLOR SEGÚN DISEÑO. | H65: M2 | I65: 600 | J65: =+VLOOKUP(D65,'APU AGRO'!$1:$1048576,11,FALSE) -> 44129 | K65: =+ROUND(I65*J65,0) -> 26477400
D66: 019.027 | G66: SUMINISTRO, TRANSPORTE E INSTALACION VINILO 3 MANOS BAJO CUBIERTA AC. COLOR SEGÚN DISEÑO. | H66: M2 | I66: 170 | J66: =+VLOOKUP(D66,'APU AGRO'!$1:$1048576,11,FALSE) -> 40587 | K66: =+ROUND(I66*J66,0) -> 6899790
D67: 019.028 | G67: SUMINISTRO, TRANSPORTE E INSTALACION PINTURA ESMALTE PARA CERCHAS METÁLICAS (INCLUYE ANDAMIO CERTIFICADO) | H67: ML | I67: 150 | J67: =+VLOOKUP(D67,'APU AGRO'!$1:$1048576,11,FALSE) -> 46609 | K67: =+ROUND(I67*J67,0) -> 6991350
D68: 019.038 | G68: SUMINISTRO, TRANSPORTE E INSTALACION VINILO 3 MANOS SOBRE MURO INTERIOR (1 MANO EN PINTURA TIPO 2 Y DOS MANOS EN PINTURA TIPO 1, FILOS Y DILATACIONES). COLOR SEGÚN DISEÑO POR M2 | H68: M2 | I68: 1150 | J68: =+VLOOKUP(D68,'APU AGRO'!$1:$1048576,11,FALSE) -> 29652 | K68: =+ROUND(I68*J68,0) -> 34099800
D69: 019.023 | G69: SUMINISTRO TRANSPORTE E INSTALACION ESTUCO Y 3 MANOS DE PINTURA ACRILTEX PARA BAÑO Y COCINA | H69: M2 | I69: 200 | J69: =+VLOOKUP(D69,'APU AGRO'!$1:$1048576,11,FALSE) -> 43765 | K69: =+ROUND(I69*J69,0) -> 8753000
D70: 019.024 | G70: DEMARCACION DE LAS DIFERENTES CANCHAS (LINEAS PARA FUTBOL SALA, VOLEIBOL, BALONMANO Y BALONCESTO). INCLUYE EQUIPO Y ACTIVIDADES NECESARIAS PARA SU EJECUCION | H70: UND | I70: 1 | J70: =+VLOOKUP(D70,'APU AGRO'!$1:$1048576,11,FALSE) -> 1506674 | K70: =+ROUND(I70*J70,0) -> 1506674
D71: 019.029 | G71: SUMINISTRO, TRANSPORTE E INSTALACION PINTURA VINILO 3 MANOS SOBRE VIGAS Y COLUMNAS (INCLUYE, RESANE FILOS Y DILATACIONES). COLOR SEGÚN DISEÑO POR ML POR CADA CARA | H71: ML | I71: 70 | J71: =+VLOOKUP(D71,'APU AGRO'!$1:$1048576,11,FALSE) -> 21776 | K71: =+ROUND(I71*J71,0) -> 1524320
C72: Subtotal | K72: =ROUND(SUM(K64:K71),0) -> 93045194
G73: 021 OBRAS EXTERIORES
D74: 021.014 | G74: SUMINISTRO, TRANSPORTE E INSTALACION EMPRADIZACION GRAMA TIPO BERMUDA GRASS | H74: M2 | I74: 60 | J74: =+VLOOKUP(D74,'APU AGRO'!$1:$1048576,11,FALSE) -> 39007 | K74: =+ROUND(I74*J74,0) -> 2340420
D75: 021.048 | G75: SUMINISTRO, TRANSPORTE E INSTALACIÓN DE REALCE CERRAMIENTO H=1.50 M INCLUYE TUBOS 2", MALLA ESLABONADA CAL 12, ANTICORROSIVO Y PINTURA COLOR ALUMINIO | H75: ML | I75: 20 | J75: =+VLOOKUP(D75,'APU AGRO'!$1:$1048576,11,FALSE) -> 487383 | K75: =+ROUND(I75*J75,0) -> 9747660
C76: Subtotal | K76: =ROUND(SUM(K74:K75),0) -> 12088080
G77: 028 DESMONTES
D78: 028.005 | G78: DESMONTE APARATOS SANITARIOS | H78: UND | I78: 8 | J78: =+VLOOKUP(D78,'APU AGRO'!$1:$1048576,11,FALSE) -> 92553 | K78: =+ROUND(I78*J78,0) -> 740424
D79: 028.014 | G79: DESMONTE DE CANALES Y BAJANTES | H79: ML | I79: 100 | J79: =+VLOOKUP(D79,'APU AGRO'!$1:$1048576,11,FALSE) -> 8803 | K79: =+ROUND(I79*J79,0) -> 880300
D80: 028.087 | G80: DESMONTE LAMPARAS | H80: UND | I80: 50 | J80: =+VLOOKUP(D80,'APU AGRO'!$1:$1048576,11,FALSE) -> 11257 | K80: =+ROUND(I80*J80,0) -> 562850
C81: Subtotal | K81: =ROUND(SUM(K78:K80),0) -> 2183574
G82: 029 DEMOLICIONES
D83: 029.003 | G83: DEMOLICION ENCHAPE DE PISOS (INCLUYE RETIRO) | H83: M2 | I83: 365 | J83: =+VLOOKUP(D83,'APU AGRO'!$1:$1048576,11,FALSE) -> 18250 | K83: =+ROUND(I83*J83,0) -> 6661250
D84: 029.004 | G84: DEMOLICION ENCHAPE DE MUROS | H84: M2 | I84: 20 | J84: =+VLOOKUP(D84,'APU AGRO'!$1:$1048576,11,FALSE) -> 18311 | K84: =+ROUND(I84*J84,0) -> 366220
D85: 029.017 | G85: DEMOLICION MORTEROS Y REVOQUE | H85: M2 | I85: 345 | J85: =+VLOOKUP(D85,'APU AGRO'!$1:$1048576,11,FALSE) -> 15671 | K85: =+ROUND(I85*J85,0) -> 5406495
D86: 029.075 | G86: DEMOLICION LAVAMANOS CORRIDO HASTA H=1.0 M. (INCLUYE RETIRO) | H86: ML | I86: 6 | J86: =+VLOOKUP(D86,'APU AGRO'!$1:$1048576,11,FALSE) -> 48646 | K86: =+ROUND(I86*J86,0) -> 291876
C87: Subtotal | K87: =ROUND(SUM(K83:K86),0) -> 12725841
G88: 032 ADICIONALES ALCALDIA MANIZALES
D89: 032.022 | G89: RECORRIDO DE CUBIERTA EN FIBROCEMENTO incluye ganchos y amarras | H89: M2 | I89: 300 | J89: =+VLOOKUP(D89,'APU AGRO'!$1:$1048576,11,FALSE) -> 25683 | K89: =+ROUND(I89*J89,0) -> 7704900
D90: 032.027 | G90: SUMINISTRO, TRANSPORTE E INSTALACION TEJA ONDULADA FIBROCEMENTO PERFIL 7 | H90: M2 | I90: 60 | J90: =+VLOOKUP(D90,'APU AGRO'!$1:$1048576,11,FALSE) -> 68081 | K90: =+ROUND(I90*J90,0) -> 4084860
D91: 032.125 | G91: SUMINISTRO TRANSPORTE E INSTALACION MESON EN GRANITO NATURAL CRISTAL PULIDO Y BRILLADO, PARA INCRUSTAR LAVAMANOS A=0.60M | H91: ML | I91: 6 | J91: =+VLOOKUP(D91,'APU AGRO'!$1:$1048576,11,FALSE) -> 895146 | K91: =+ROUND(I91*J91,0) -> 5370876
D92: 032.139 | G92: SUMINISTRO E INSTALACION JUEGO INFANTIL TAYRONA T2 ELABORADO EN MADERA TIPO PINO INMUNIZADO CON PRESERVANTES HIDROSOLUBLE TIPO CCA-C AREA OCUPADA: 22,11 M2 (3,35M X 6,6M) ALTURA MAXIMA 4,0 M, COMPUESTO DE CASETA (GARITA), PLATAFORMA, PUENTE COLGANTE, MALLA, TUNEL EN FIBRA DE VIDRIO DE 1,5M, RODADEERO EN FIBRA DE VIDRIO DE 2,4M Y CULUMPIO DE DOS PUESTOS | H92: UND | I92: 1 | J92: =+VLOOKUP(D92,'APU AGRO'!$1:$1048576,11,FALSE) -> 13039220 | K92: =+ROUND(I92*J92,0) -> 13039220
D93: 032.382 | G93: SUMINISTRO, TRANSORTE E INSTALACION DE TUBOS Y MALLA PARA VOLEIBOL, INCLUYE TODOS LOS ADITAMENTOS, HUECOS PARA HINCAR LOS TUBOS Y DEMAS ACTIVIDADES Y MATERIALES PARA SU FUNCIONAMIENTO. (TUBOS AN Ø 2") | H93: UND | I93: 1 | J93: =+VLOOKUP(D93,'APU AGRO'!$1:$1048576,11,FALSE) -> 893894 | K93: =+ROUND(I93*J93,0) -> 893894
C94: Subtotal | K94: =ROUND(SUM(K89:K93),0) -> 31093750
C95: PRESUPUESTO OBRA CIVIL "MEJORAMIENTO DE LA PLANTA FÍSICA DEL ESTABLECIMIENTO EDUCATIVO OFICIAL SERÁFICO SEDE B (ALTO DEL NARANJO)"
C96: Nº | D96: ÍTEM DE PAGO | E96: ESPECIFICACIONES | G96: DESCRIPCIÓN | H96: UND. | I96: CANTIDAD | J96: VALOR UNITARIO | K96: VALOR TOTAL
G97: 001 PRELIMINARES
D99: 001.044 | G99: DESCAPOTE MANUAL e=0.20 m. | H99: M2 | I99: 22.5 | J99: =+VLOOKUP(D99,'APU AGRO'!$1:$1048576,11,FALSE) -> 4066 | K99: =+ROUND(I99*J99,0) -> 91485
C100: Subtotal | K100: =ROUND(SUM(K99:K99),0) -> 91485
G101: 002 MOVIMIENTO DE TIERRAS
D102: 002.089 | G102: RETIRO DE MATERIAL SOBRANTE EN VOLQUETA, CARGUE MANUAL, DISPOSICIÓN EN BOTADERO (HASTA 25 KM) | H102: M3-Suelto | I102: 21 | J102: =+VLOOKUP(D102,'APU AGRO'!$1:$1048576,11,FALSE) -> 58038 | K102: =+ROUND(I102*J102,0) -> 1218798
D103: 002.120 | G103: EXCAVACION EN MATERIAL COMUN SECO DE A=0.2M, E=0.50, MANUAL | H103: ML | I103: 6.72 | J103: =+VLOOKUP(D103,'APU AGRO'!$1:$1048576,11,FALSE) -> 5303 | K103: =+ROUND(I103*J103,0) -> 35636
C104: Subtotal | K104: =ROUND(SUM(K102:K103),0) -> 1254434
G105: 003 DESAGUES E INSTALACIONES SANITARIAS
D106: 003.014 | G106: SUMINISTRO, TRANSPORTE E INSTALACION PUNTO DESAGUE PVC 3" Aparatos sanitarios y desagues (INCLUYE CODO, YEE Y ACCESORIOS) | H106: UND | I106: 4 | J106: =+VLOOKUP(D106,'APU AGRO'!$1:$1048576,11,FALSE) -> 149177 | K106: =+ROUND(I106*J106,0) -> 596708
C107: Subtotal | K107: =ROUND(SUM(K106:K106),0) -> 596708
G108: 004 PISOS-BASES-RELLENOS
...

Sheet APU AGRO
A1: ANÁLISIS DE PRECIOS UNITARIOS | J1: AU | K1: =+'Analisis AIU_Vabr'!$G$18 -> 1.4233
A2: CODIGO | B2: CODINSUMO | C2: INSUMO | D2: TIPO | E2: UNIDAD | F2: REND | G2: UNITARIO | H2: VR. PARCIAL | I2: VR. TOTAL
A3: 001.043 | B3: - | C3: ROCERIA Y LIMPIEZA | D3: Actividad | E3: M2 | I3: 1525 | J3: =+$K$1 -> 1.4233 | K3: =+ROUND(I3*J3,0) -> 2171
A4: 001.043 | B4: C44 | C4: CUADRILLA AA (2 AYUDANTES) | D4: Cuadrilla | E4: HR | F4: 0.05 | G4: 23678 | H4: 1184
A5: 001.043 | B5: H2 | C5: EQUIPO BASICO (HERRAMIENTA MENOR) | D5: Herramienta | E5: UND | F5: 0.07 | G5: 3484 | H5: 244
A6: 001.043 | B6: I1565 | C6: ACARREO INTERNO | D6: Insumos | E6: UND | F6: 0.053 | G6: 1824 | H6: 97
A7: 001.044 | B7: - | C7: DESCAPOTE MANUAL e=0.20 m. | D7: Actividad | E7: M2 | I7: 2857 | J7: =+$K$1 -> 1.4233 | K7: =+ROUND(I7*J7,0) -> 4066
A8: 001.044 | B8: C44 | C8: CUADRILLA AA (2 AYUDANTES) | D8: Cuadrilla | E8: HR | F8: 0.1 | G8: 23678 | H8: 2368
A9: 001.044 | B9: H2 | C9: EQUIPO BASICO (HERRAMIENTA MENOR) | D9: Herramienta | E9: UND | F9: 0.09 | G9: 3484 | H9: 314
A10: 001.044 | B10: I1565 | C10: ACARREO INTERNO | D10: Insumos | E10: UND | F10: 0.096 | G10: 1824 | H10: 175
A11: 001.061 | B11: - | C11: SUMINISTRO, TRANSPORTE E INSTALACION CORDÓN PARA CONTROL DE AGUAS LLUVIAS CON SUELO CEMENTO | D11: Actividad | E11: ML | I11: 5841 | J11: =+$K$1 -> 1.4233 | K11: =+ROUND(I11*J11,0) -> 8313
A12: 001.061 | B12: C1 | C12: CUADRILLA AA TIPO 1 (1 OFICIAL + 1 AYUDANTE) (Albañileria) | D12: Cuadrilla | E12: HR | F12: 0.1 | G12: 30782 | H12: 3078
A13: 001.061 | B13: I282 | C13: SUELO CEMENTO 10:1 | D13: Insumos | E13: M3 | F13: 0.01 | G13: 195036 | H13: 1950
A14: 001.061 | B14: H2 | C14: EQUIPO BASICO (HERRAMIENTA MENOR) | D14: Herramienta | E14: UND | F14: 0.15 | G14: 3484 | H14: 523
A15: 001.061 | B15: I1565 | C15: ACARREO INTERNO | D15: Insumos | E15: UND | F15: 0.159 | G15: 1824 | H15: 290
A16: 002.001 | B16: - | C16: EXCAVACIÓN EN ZANJA - MATERIAL COMÚN - 0.0 A 2.0 M | D16: Actividad | E16: M3 | I16: 36872 | J16: =+$K$1 -> 1.4233 | K16: =+ROUND(I16*J16,0) -> 52480
A17: 002.001 | B17: C1 | C17: CUADRILLA AA TIPO 1 (1 OFICIAL + 1 AYUDANTE) (Albañileria) | D17: Cuadrilla | E17: HR | F17: 1.1 | G17: 30782 | H17: 33860
A18: 002.001 | B18: I282 | C18: SUELO CEMENTO 10:1 | D18: Insumos | E18: M3 | F18: 0.01 | G18: 195036 | H18: 1950
A19: 002.001 | B19: H2 | C19: EQUIPO BASICO (HERRAMIENTA MENOR) | D19: Herramienta | E19: UND | F19: 0.2 | G19: 3484 | H19: 697
A20: 002.001 | B20: I1565 | C20: ACARREO INTERNO | D20: Insumos | E20: UND | F20: 0.2 | G20: 1824 | H20: 365
A21: 002.022 | B21: - | C21: CONFORMACION MANUAL DE TALUDES EN TIERRA | D21: Actividad | E21: M3 | I21: 55113 | J21: =+$K$1 -> 1.4233 | K21: =+ROUND(I21*J21,0) -> 78442
A22: 002.022 | B22: C22 | C22: CUADRILLA AA TIPO 4 (1 OFICIAL + 4 AYUDANTE) (Albañileria) | D22: Cuadrilla | E22: HR | F22: 0.8 | G22: 66299 | H22: 53039
A23: 002.022 | B23: H2 | C23: EQUIPO BASICO (HERRAMIENTA MENOR) | D23: Herramienta | E23: UND | F23: 0.5 | G23: 3484 | H23: 1742
A24: 002.022 | B24: I1565 | C24: ACARREO INTERNO | D24: Insumos | E24: UND | F24: 0.182 | G24: 1824 | H24: 332
A25: 002A.021 | B25: - | C25: SUMINISTRO, TRANSPORTE E INSTALACION SOBRE CIMIENTO h=0,20 m REVOQUE IMPERMEABILIZADO 2 CARAS | D25: Actividad | E25: M2 | I25: 80856 | J25: =+$K$1 -> 1.4233 | K25: =+ROUND(I25*J25,0) -> 115082
A26: 002A.021 | B26: AB20 | C26: MORTERO 1:3 | D26: Analisis Basico | E26: M3 | F26: 0.08 | G26: 505998 | H26: 40480
A27: 002A.021 | B27: C29 | C27: CUADRILLA AA TIPO 5 (1 OFICIAL + 5 AYUDANTE) (Albañileria) | D27: Cuadrilla | E27: HR | F27: 0.35 | G27: 78138 | H27: 27348
A28: 002A.021 | B28: E12 | C28: EQUIPO DE TRANSPORTE | D28: Equipos | E28: DIA | F28: 0.006 | G28: 180217 | H28: 1081
A29: 002A.021 | B29: H2 | C29: EQUIPO BASICO (HERRAMIENTA MENOR) | D29: Herramienta | E29: UND | F29: 0.4 | G29: 3484 | H29: 1394
A30: 002A.021 | B30: I1565 | C30: ACARREO INTERNO | D30: Insumos | E30: UND | F30: 0.85 | G30: 1824 | H30: 1550
A31: 002A.021 | B31: I427 | C31: SIKA-1 IMPERMEABILIZANTE INTEGRAL MORTEROS O SIMILAR. | D31: Insumos | E31: KG | F31: 0.2 | G31: 16645 | H31: 3329
A32: 002A.021 | B32: I49 | C32: AGUA LITRO | D32: Insumos | E32: LT | F32: 30 | G32: 33 | H32: 990
A33: 002A.021 | B33: I940 | C33: LADRILLO TOLETE COMUN | D33: Insumos | E33: UND | F33: 10.03 | G33: 467 | H33: 4684
A35: 002.089 | B35: - | C35: RETIRO DE MATERIAL SOBRANTE EN VOLQUETA, CARGUE MANUAL, DISPOSICIÓN EN BOTADERO (HASTA 25 KM) | D35: Actividad | E35: M3-Suelto | I35: 40777 | J35: =+$K$1 -> 1.4233 | K35: =+ROUND(I35*J35,0) -> 58038
A36: 002.089 | B36: I2414 | C36: DERECHO A BOTADERO - LA NUBIA | D36: Insumos | E36: M3 | F36: 1 | G36: 8715 | H36: 8715
A37: 002.089 | B37: H2 | C37: EQUIPO BASICO (HERRAMIENTA MENOR) | D37: Herramienta | E37: UND | F37: 0.1 | G37: 3484 | H37: 348
A38: 002.089 | B38: C44 | C38: CUADRILLA AA (2 AYUDANTES) | D38: Cuadrilla | E38: HR | F38: 0.5 | G38: 23678 | H38: 11839
A39: 002.089 | B39: E25 | C39: VOLQUETA SENCILLA 8M3 | D39: Equipos | E39: VJE | F39: 0.125 | G39: 159000 | H39: 19875
A41: 002.120 | B41: - | C41: EXCAVACION EN MATERIAL COMUN SECO DE A=0.2M, E=0.50, MANUAL | D41: Actividad | E41: ML | I41: 3726 | J41: =+$K$1 -> 1.4233 | K41: =+ROUND(I41*J41,0) -> 5303
A42: 002.120 | B42: C44 | C42: CUADRILLA AA (2 AYUDANTES) | D42: Cuadrilla | E42: HR | F42: 0.15 | G42: 23678 | H42: 3552
A43: 002.120 | B43: H2 | C43: EQUIPO BASICO (HERRAMIENTA MENOR) | D43: Herramienta | E43: UND | F43: 0.05 | G43: 3484 | H43: 174
A44: 003.003 | B44: - | C44: SUMINISTRO, TRANSPORTE E INSTALACION CAJA DE INSPECCION 0.60*0.60*1 m. (Incluye, ladrillo común, marco en angulo 2 1/2 x 2 1/2 * 3/16" y tapa reforzada en platina de 3 * 3/16" con parrilla en varilla 3/8 cada 10 cm.). | D44: Actividad | E44: UND | I44: 714139 | J44: =+$K$1 -> 1.4233 | K44: =+ROUND(I44*J44,0) -> 1016434
A45: 003.003 | B45: AB23 | C45: MORTERO 1:3 Impermeabilizado | D45: Analisis Basico | E45: M3 | F45: 0.13 | G45: 657135 | H45: 85428
A46: 003.003 | B46: AB4 | C46: CONCRETO 2500 psi - 17.5 Mpa | D46: Analisis Basico | E46: M3 | F46: 0.099 | G46: 503581 | H46: 49855
A47: 003.003 | B47: C23 | C47: CUADRILLA BB TIPO 4 (1 OFICIAL + 4 AYUDANTE) (Instalaciones) | D47: Cuadrilla | E47: HR | F47: 3.2 | G47: 72934 | H47: 233389
A48: 003.003 | B48: E12 | C48: EQUIPO DE TRANSPORTE | D48: Equipos | E48: DIA | F48: 0.06 | G48: 180217 | H48: 10813
A49: 003.003 | B49: H2 | C49: EQUIPO BASICO (HERRAMIENTA MENOR) | D49: Herramienta | E49: UND | F49: 0.3 | G49: 3484 | H49: 1045
A50: 003.003 | B50: I1565 | C50: ACARREO INTERNO | D50: Insumos | E50: UND | F50: 2 | G50: 1824 | H50: 3648
A51: 003.003 | B51: I435 | C51: SOLDADURA ELECTRICA TIPO WESTARCO SUPER E- 6013 DE 1/8 O SIMILAR. | D51: Insumos | E51: KG | F51: 0.1 | G51: 22500 | H51: 2250
A52: 003.003 | B52: I2 | C52: ACERO 60.000 PSI | D52: Insumos | E52: KG | F52: 5 | G52: 4251 | H52: 21255
A53: 003.003 | B53: I241 | C53: PLATINA 2"*3/16* | D53: Insumos | E53: M | F53: 1.2 | G53: 11925 | H53: 14310
A54: 003.003 | B54: I239 | C54: ANGULO 2"* 2"*3/16" | D54: Insumos | E54: M | F54: 2.4 | G54: 21128 | H54: 50707
A55: 003.003 | B55: I2559 | C55: ANGULO DE 2-1/2" x 3/16 x 6m | D55: Insumos | E55: UN | F55: 0.4 | G55: 168597 | H55: 67439
A56: 003.003 | B56: I944 | C56: LADRILLO TOLETE RECOCIDO (24,5 X 12 X 6 CM) | D56: Insumos | E56: UND | F56: 145 | G56: 1200 | H56: 174000
A57: 003.007 | B57: - | C57: SUMINISTRO, TRANSPORTE E INSTALACION BAJANTE AGUAS NEGRAS PVC 3" (INCLUYE CODO, UNION Y ACCESORIOS DE FIJACION) | D57: Actividad | E57: ML | I57: 30509 | J57: =+$K$1 -> 1.4233 | K57: =+ROUND(I57*J57,0) -> 43423
A58: 003.007 | B58: C9 | C58: CUADRILLA BB TIPO 2 (1 OFICIAL + 2 AYUDANTE) (Instalaciones) | D58: Cuadrilla | E58: HR | F58: 0.22 | G58: 46886 | H58: 10315
A59: 003.007 | B59: E12 | C59: EQUIPO DE TRANSPORTE | D59: Equipos | E59: DIA | F59: 0.003 | G59: 180217 | H59: 541
A60: 003.007 | B60: H2 | C60: EQUIPO BASICO (HERRAMIENTA MENOR) | D60: Herramienta | E60: UND | F60: 0.1 | G60: 3484 | H60: 348
A61: 003.007 | B61: I1565 | C61: ACARREO INTERNO | D61: Insumos | E61: UND | F61: 0.4 | G61: 1824 | H61: 730
A62: 003.007 | B62: I521 | C62: ABRAZADERA EN ACERO | D62: Insumos | E62: UND | F62: 0.5 | G62: 2849 | H62: 1425
A63: 003.007 | B63: I575 | C63: CODO 90° 1/4 CXC SANITARIO 3'' | D63: Insumos | E63: UND | F63: 0.06 | G63: 11297 | H63: 678
A64: 003.007 | B64: I614 | C64: LIMPIADOR REM PVC 760 GRMS. (1/4) | D64: Insumos | E64: UND | F64: 0.015 | G64: 62393 | H64: 936
A65: 003.007 | B65: I647 | C65: SOLDADURA PVC LIQUIDA 1/4 | D65: Insumos | E65: UND | F65: 0.015 | G65: 129335 | H65: 1940
A66: 003.007 | B66: I753 | C66: TUBO PVC SANITARIO 3" | D66: Insumos | E66: M | F66: 1.03 | G66: 12317 | H66: 12687
A67: 003.007 | B67: I794 | C67: UNION SANITARIA 3" PVC | D67: Insumos | E67: UND | F67: 0.16 | G67: 5679 | H67: 909
A68: 003.010 | B68: - | C68: SUMINISTRO, TRANSPORTE E INSTALACION BAJANTE AGUAS LLUVIAS PVC 3" (INCLUYE CODO, UNION Y ACCESORIOS DE FIJACION) | D68: Actividad | E68: ML | I68: 29571 | J68: =+$K$1 -> 1.4233 | K68: =+ROUND(I68*J68,0) -> 42088
A69: 003.010 | B69: C9 | C69: CUADRILLA BB TIPO 2 (1 OFICIAL + 2 AYUDANTE) (Instalaciones) | D69: Cuadrilla | E69: HR | F69: 0.2 | G69: 46886 | H69: 9377
A70: 003.010 | B70: E12 | C70: EQUIPO DE TRANSPORTE | D70: Equipos | E70: DIA | F70: 0.003 | G70: 180217 | H70: 541
A71: 003.010 | B71: H2 | C71: EQUIPO BASICO (HERRAMIENTA MENOR) | D71: Herramienta | E71: UND | F71: 0.1 | G71: 3484 | H71: 348
A72: 003.010 | B72: I1565 | C72: ACARREO INTERNO | D72: Insumos | E72: UND | F72: 0.4 | G72: 1824 | H72: 730
A73: 003.010 | B73: I521 | C73: ABRAZADERA EN ACERO | D73: Insumos | E73: UND | F73: 0.5 | G73: 2849 | H73: 1425
A74: 003.010 | B74: I575 | C74: CODO 90° 1/4 CXC SANITARIO 3'' | D74: Insumos | E74: UND | F74: 0.06 | G74: 11297 | H74: 678
A75: 003.010 | B75: I614 | C75: LIMPIADOR REM PVC 760 GRMS. (1/4) | D75: Insumos | E75: UND | F75: 0.015 | G75: 62393 | H75: 936
A76: 003.010 | B76: I647 | C76: SOLDADURA PVC LIQUIDA 1/4 | D76: Insumos | E76: UND | F76: 0.015 | G76: 129335 | H76: 1940
A77: 003.010 | B77: I750 | C77: TUBO PVC A.LL-VENTILACION 3'' | D77: Insumos | E77: M | F77: 1.03 | G77: 12317 | H77: 12687
A78: 003.010 | B78: I794 | C78: UNION SANITARIA 3" PVC | D78: Insumos | E78: UND | F78: 0.16 | G78: 5679 | H78: 909
A79: 003.011 | B79: - | C79: SUMINISTRO, TRANSPORTE E INSTALACION BAJANTE AGUAS LLUVIAS PVC 4" (INCLUYE CODO, UNION Y ACCESORIOS DE FIJACION) | D79: Actividad | E79: ML | I79: 38890 | J79: =+$K$1 -> 1.4233 | K79: =+ROUND(I79*J79,0) -> 55352
A80: 003.011 | B80: C9 | C80: CUADRILLA BB TIPO 2 (1 OFICIAL + 2 AYUDANTE) (Instalaciones) | D80: Cuadrilla | E80: HR | F80: 0.25 | G80: 46886 | H80: 11722
A81: 003.011 | B81: E12 | C81: EQUIPO DE TRANSPORTE | D81: Equipos | E81: DIA | F81: 0.005 | G81: 180217 | H81: 901
A82: 003.011 | B82: H2 | C82: EQUIPO BASICO (HERRAMIENTA MENOR) | D82: Herramienta | E82: UND | F82: 0.1 | G82: 3484 | H82: 348
A83: 003.011 | B83: I1565 | C83: ACARREO INTERNO | D83: Insumos | E83: UND | F83: 0.4 | G83: 1824 | H83: 730
A84: 003.011 | B84: I521 | C84: ABRAZADERA EN ACERO | D84: Insumos | E84: UND | F84: 0.5 | G84: 2849 | H84: 1425
A85: 003.011 | B85: I576 | C85: CODO 90° 1/4 CXC SANITARIO 4'' | D85: Insumos | E85: UND | F85: 0.06 | G85: 19645 | H85: 1179
A86: 003.011 | B86: I614 | C86: LIMPIADOR REM PVC 760 GRMS. (1/4) | D86: Insumos | E86: UND | F86: 0.017 | G86: 62393 | H86: 1061
A87: 003.011 | B87: I647 | C87: SOLDADURA PVC LIQUIDA 1/4 | D87: Insumos | E87: UND | F87: 0.017 | G87: 129335 | H87: 2199
A88: 003.011 | B88: I751 | C88: TUBO PVC A.LL-VENTILACION 4'' | D88: Insumos | E88: M | F88: 1.03 | G88: 16984 | H88: 17494
A89: 003.011 | B89: I795 | C89: UNION SANITARIA 4" PVC | D89: Insumos | E89: UND | F89: 0.16 | G89: 11446 | H89: 1831
A90: 003.012 | B90: - | C90: SUMINISTRO, TRANSPORTE E INSTALACION BAJANTE AGUAS LLUVIAS PVC 6" (INCLUYE CODO, UNION Y ACCESORIOS DE FIJACION) | D90: Actividad | E90: ML | I90: 76123 | J90: =+$K$1 -> 1.4233 | K90: =+ROUND(I90*J90,0) -> 108346
A91: 003.012 | B91: C9 | C91: CUADRILLA BB TIPO 2 (1 OFICIAL + 2 AYUDANTE) (Instalaciones) | D91: Cuadrilla | E91: HR | F91: 0.35 | G91: 46886 | H91: 16410
A92: 003.012 | B92: E12 | C92: EQUIPO DE TRANSPORTE | D92: Equipos | E92: DIA | F92: 0.01 | G92: 180217 | H92: 1802
A93: 003.012 | B93: H2 | C93: EQUIPO BASICO (HERRAMIENTA MENOR) | D93: Herramienta | E93: UND | F93: 0.1 | G93: 3484 | H93: 348
A94: 003.012 | B94: I1565 | C94: ACARREO INTERNO | D94: Insumos | E94: UND | F94: 0.5 | G94: 1824 | H94: 912
A95: 003.012 | B95: I521 | C95: ABRAZADERA EN ACERO | D95: Insumos | E95: UND | F95: 0.5 | G95: 2849 | H95: 1425
A96: 003.012 | B96: I577 | C96: CODO 90° 1/4 CXC SANITARIO 6'' | D96: Insumos | E96: UND | F96: 0.06 | G96: 166284 | H96: 9977
A97: 003.012 | B97: I614 | C97: LIMPIADOR REM PVC 760 GRMS. (1/4) | D97: Insumos | E97: UND | F97: 0.02 | G97: 62393 | H97: 1248
A98: 003.012 | B98: I647 | C98: SOLDADURA PVC LIQUIDA 1/4 | D98: Insumos | E98: UND | F98: 0.02 | G98: 129335 | H98: 2587
A99: 003.012 | B99: I755 | C99: TUBO PVC SANITARIO 6" | D99: Insumos | E99: M | F99: 1.03 | G99: 32484 | H99: 33459
A100: 003.012 | B100: I796 | C100: UNION SANITARIA 6" PVC | D100: Insumos | E100: UND | F100: 0.16 | G100: 49718 | H100: 7955
A101: 003.014 | B101: - | C101: SUMINISTRO, TRANSPORTE E INSTALACION PUNTO DESAGUE PVC 3" Aparatos sanitarios y desagues (INCLUYE CODO, YEE Y ACCESORIOS) | D101: Actividad | E101: UND | I101: 104811 | J101: =+$K$1 -> 1.4233 | K101: =+ROUND(I101*J101,0) -> 149177
A102: 003.014 | B102: C9 | C102: CUADRILLA BB TIPO 2 (1 OFICIAL + 2 AYUDANTE) (Instalaciones) | D102: Cuadrilla | E102: HR | F102: 0.9 | G102: 46886 | H102: 42197
...

Sheet Analisis AIU_Vabr
A1: ANALISIS DEL AIU
A3: Valor estimado de la Obra (Costo Directo). | D3: Valor | E3: =+'PRESUPUESTO AGROTURISTICO'!$K$637 -> 1.166253e+09
A4: Plazo estimado de ejecución. | D4: Meses | E4: 4
A5: Contratista Persona Natural (SI o NO) | E5: no
A7: CAPITULO | B7: TIPO DE GASTO | C7: UN | D7: CANTIDAD. | E7: DEDICACION | F7: VLOR UNITARIO (mes) | G7: FACTOR PRESTACIONAL O FACTOR AIU (PARA INDIRECTOS) | H7: VALOR TOTAL | I7: SUMA | J7: PORCENTAJE
A8: 1 | B8: GASTOS GENERALES. | J8: =+J9 -> 0.13899378
A9: 1.1 | B9: MANO DE OBRA Y GASTOS DE OFICINA | I9: =SUM(H10:H15) -> 1.6210192e+08 | J9: =+I9/$E$3 -> 0.13899378
B10: Ingeniero Residente | C10: Un | D10: 2 | E10: 1 | F10: 4450000 | G10: 0.6556 | H10: =+D10*E10*$E$4*F10*(1+G10) -> 58939360 | J10: =+H10/$E$3 -> 0.050537369
B11: Maestro de Obra | C11: Un | D11: 3 | E11: 1 | F11: 3600000 | G11: 0.6556 | H11: =+D11*E11*$E$4*F11*(1+G11) -> 71521920 | J11: =+H11/$E$3 -> 0.061326246
B12: Residente de Salud Ocupacional | C12: Un | D12: 1 | E12: 1 | F12: 3600000 | G12: 0.6556 | H12: =+D12*E12*$E$4*F12*(1+G12) -> 23840640 | J12: =+H12/$E$3 -> 0.020442082
B13: Seguridad industrial personal | C13: Mes | D13: 4 | E13: 1 | F13: 200000 | H13: =+D13*E13*$E$4*F13*(1+G13) -> 3200000 | J13: =+H13/$E$3 -> 0.00274383
B14: Plan de Salud ocupacional y seguridad industrial | C14: Mes | D14: 4 | E14: 1 | F14: 100000 | H14: =+D14*E14*$E$4*F14*(1+G14) -> 1600000 | J14: =+H14/$E$3 -> 0.001371915
B15: Ensayos de laboratorio | C15: GL | D15: 1 | F15: 3000000 | H15: =F15 -> 3000000 | J15: =+H15/$E$3 -> 0.0025723406
A16: 2 | B16: GASTOS INDIRECTOS. | J16: =+J17+J19+J30+J26 -> 0.22431381
A17: 2.1 | B17: LEGALIZACION. | I17: =SUM(H18:H18) -> 0 | J17: =+I17/$E$3 -> 0
B18: AIU ITERACION | G18: 1.4233 | H18: =+F18*D18*G18 -> 0 | J18: =+H18/$E$3 -> 0
A19: 2.2 | B19: POLIZAS | I19: =SUM(H20:H24) -> 14735303 | J19: =+I19/$E$3 -> 0.012634739
B20: Anticipo | C20: % | D20: 0.0006 | E20: 0.2 | F20: =+$E$3*E20 -> 2.3325061e+08 | G20: =+$G$18 -> 1.4233 | H20: =+(((F20*G20*D20)/365)*($E$4*30+120))*1.19 -> 155860.41 | J20: =+H20/$E$3 -> 0.00013364202
B21: Cumplimiento | C21: % | D21: 0.0006 | F21: =+$E$3 -> 1.166253e+09 | G21: =+$G$18 -> 1.4233 | H21: =+(((F21*G21*D21)/365)*($E$4*30+120))*1.19 -> 779302.06 | J21: =+H21/$E$3 -> 0.0006682101
B22: Estabilidad | C22: % | D22: 0.0009 | F22: =+$E$3 -> 1.166253e+09 | G22: =+$G$18 -> 1.4233 | H22: =+(((F22*G22*D22)/365)*(1825))*1.19 -> 8888914.1 | J22: =+H22/$E$3 -> 0.0076217715
B23: Prestaciones Sociales | C23: % | D23: 0.0005 | F23: =+$E$3 -> 1.166253e+09 | G23: =+$G$18 -> 1.4233 | H23: =+(((F23*G23*D23)/365)*($E$4*30+1095))*1.19 -> 3287680.6 | J23: =+H23/$E$3 -> 0.0028190114
B24: Responsabilidad Civil | C24: % | D24: 0.0025 | F24: =+$E$3 -> 1.166253e+09 | G24: =+$G$18 -> 1.4233 | H24: =+(((F24*G24*D24)/365)*($E$4*30+0))*1.19 -> 1623546 | J24: =+H24/$E$3 -> 0.0013921044
A26: 2.3 | B26: VALLAS Y SEÑALIZACION | I26: =SUM(H27:H29) -> 1700000 | J26: =+I26/$E$3 -> 0.0014576597
B27: Vallas (8 m2) | C27: GL | D27: 1 | F27: 700000 | H27: =+F27*D27 -> 700000 | J27: =+H27/$E$3 -> 0.0006002128
B28: Señalización de obra (señales verticales, demarcación, cintas, etc) | C28: GL | D28: 1 | F28: 1000000 | H28: =+F28*D28 -> 1000000 | J28: =+H28/$E$3 -> 0.00085744686
A30: 2.4 | B30: IMPUESTOS Y CONTRIBUCIONES | I30: =SUM(H31:H39) -> 2.4517136e+08 | J30: =+I30/$E$3 -> 0.21022141
B31: Impuesto de timbre (Decreto 0175 - 2025) | C31: % | D31: =IF(E3>298000000,0.5%,0) -> 0.005 | F31: =+$E$3 -> 1.166253e+09 | G31: =+$G$18 -> 1.4233 | H31: =+F31*D31*G31 -> 8299639.7 | J31: =+H31/$E$3 -> 0.0071165
B32: Contribuación Especial | C32: % | D32: 0.05 | F32: =+$E$3 -> 1.166253e+09 | G32: =+$G$18 -> 1.4233 | H32: =+F32*D32*G32 -> 82996397 | J32: =+H32/$E$3 -> 0.071165
B33: Estampillas para el bienestar del adulto mayor | C33: % | D33: 0.02 | F33: =+$E$3 -> 1.166253e+09 | G33: =+$G$18 -> 1.4233 | H33: =+F33*D33*G33 -> 33198559 | J33: =+H33/$E$3 -> 0.028466
B34: Estampillas Pro - Universidades. | C34: % | D34: 0.02 | F34: =+$E$3 -> 1.166253e+09 | G34: =+$G$18 -> 1.4233 | H34: =+F34*D34*G34 -> 33198559 | J34: =+H34/$E$3 -> 0.028466
B35: Estampilla pro cultura | C35: % | D35: 0.02 | F35: =+$E$3 -> 1.166253e+09 | G35: =+$G$18 -> 1.4233 | H35: =+F35*D35*G35 -> 33198559 | J35: =+H35/$E$3 -> 0.028466
B36: Estampilla pro justicia familiar | C36: % | D36: 0.02 | F36: =+$E$3 -> 1.166253e+09 | G36: =+$G$18 -> 1.4233 | H36: =+F36*D36*G36 -> 33198559 | J36: =+H36/$E$3 -> 0.028466
B37: Gasto bancarios4x1000 y retiros | C37: % | D37: 0.004 | F37: =+$E$3 -> 1.166253e+09 | G37: =+$G$18 -> 1.4233 | H37: =+F37*D37*G37 -> 6639711.7 | J37: =+H37/$E$3 -> 0.0056932
B38: Industria y Comercio 3,7 x 1.000 sobre valor total | C38: % | D38: 0.0037 | F38: =+$E$3 -> 1.166253e+09 | G38: =+$G$18 -> 1.4233 | H38: =+F38*D38*G38 -> 6141733.4 | J38: =+H38/$E$3 -> 0.00526621
B39: Tasa pro deporte y recreación | C39: % | D39: 0.005 | F39: =+$E$3 -> 1.166253e+09 | G39: =+$G$18 -> 1.4233 | H39: =+F39*D39*G39 -> 8299639.7 | J39: =+H39/$E$3 -> 0.0071165
B40: TOTAL GASTOS INDIRECTOS DE ADMINISTRACION. | I40: =SUM(I9:I39) -> 4.2370858e+08 | J40: =ROUND(SUM(J8:J39)/3,4) -> 0.3633
B41: IMPREVISTO | J41: 0
B42: UTILIDAD: | J42: 0.06
B43: IVA SOBRE UTILIDAD: | J43: =J42*I43 -> 0
B44: A.I.U. | J44: =SUM(J40:J43) -> 0.4233
I46: NO MOVER | J46: =1+J44 -> 1.4233 | L46: Nota: al finalizar dar clic en aceptar
